Map: Simulacrum LE

Players

DRG - Winner!

  • Race: Zerg Zerg
  • League: Master
  • Spawn Location: 11:00

soO

  • Race: Zerg Zerg
  • Spawn Location: 5:00

VOD

Have the link to the VOD?

Description

Time

  • Played on: Jan. 16, 2020, 6:07 a.m.
  • Length: 8:22
Show
View Real Time Build Order
Export as new Build Order

DRG Zerg - Winner!

Build Orders: Hatch First 

Get SALT Encoding   

  12  0:00  Drone  
  13  0:12  Overlord  
  13  0:16  Drone  
  14  0:30  Drone x2  
  16  0:48  Hatchery  
  15  0:51  Drone  
  15  0:55  Drone  
  17  0:58  Drone  
  18  1:10  Extractor  
  17  1:13  Spawning Pool  
  17  1:16  Drone  
  17  1:19  Drone  
  18  1:27  Drone  
  19  1:38  Drone  
  20  1:49  Drone  
  21  2:00  Queen x2  
  21  2:01  Overlord  
  25  2:02  Drone  
  26  2:10  Metabolic Boost  
  26  2:12  Drone x2  
  28  2:22  Drone x2  
  30  2:32  Zergling x2  
  30  2:35  Hatchery  
  30  2:37  Drone  
  30  2:43  Drone x2  
  33  2:47  Baneling Nest  
  32  2:53  Overlord  
  32  2:58  Drone  
  33  3:05  Zergling x2  
  34  3:06  Drone  
  34  3:11  Drone  
  34  3:12  Drone  
  37  3:13  Drone x2  
  37  3:14  Drone x2  
  41  3:22  Zergling x4  
  43  3:28  Lair  
  43  3:31  Extractor  
  43  3:32  Drone x2  
  44  3:34  Baneling  
  44  3:40  Evolution Chamber  
  43  3:42  Drone  
  43  3:46  Overlord  
  43  3:47  Queen  
  43  3:48  Drone x3  
  48  3:50  Drone  
  50  3:56  Overlord  
  50  3:59  Extractor x2  
  50  4:01  Drone x2  
  49  4:04  Overlord  
  49  4:06  Drone x2  
  49  4:08  Drone  
  52  4:11  Drone  
  52  4:14  Drone  
  54  4:17  Drone  
  54  4:21  Drone x3  
  54  4:23  Drone  
  59  4:28  Spire, Drone  
  59  4:33  Drone x3  
  59  4:37  Extractor  
  61  4:39  Zerg Melee Weapons Level 1  
  61  4:41  Zergling x2  
  61  4:45  Zergling x4, Extractor  
  63  4:47  Zergling x4  
  63  4:51  Zergling x2  
  63  4:52  Zergling x2  
  67  4:53  Zergling x2  
  67  4:54  Zergling x2  
  67  4:59  Baneling x2  
  68  5:04  Zergling x10  
  73  5:08  Overlord  
  73  5:09  Overlord  
  73  5:14  Baneling x2  
  73  5:19  Zergling x4  
  74  5:26  Zergling x2  
  74  5:27  Zergling x8  
  77  5:34  Zergling x12  
  80  5:38  Zergling x2  
  80  5:40  Zergling x8  
  77  5:50  Mutalisk x2  
  77  5:54  Zerg Flyer Weapons Level 1  
  77  5:56  Mutalisk x2  
  79  5:57  Mutalisk  
  79  6:02  Mutalisk  
  87  6:05  Overlord  
  87  6:11  Mutalisk  
  87  6:17  Overlord x2  
  89  6:23  Mutalisk x2  
  93  6:25  Mutalisk  
  95  6:32  Mutalisk  
  95  6:38  Mutalisk x3  
  103  6:41  Overseer  
  103  6:42  Mutalisk  
  103  6:46  Mutalisk  
  107  6:47  Mutalisk  
  107  6:50  Overseer  
  107  6:51  Drone x2  
  111  6:54  Drone x2  
  111  6:56  Drone  
  114  7:05  Overlord  
  114  7:06  Overlord  
  114  7:17  Baneling x2  
  114  7:20  Overseer, Mutalisk  
  114  7:22  Overlord x2  
  114  7:26  Mutalisk x4  
  123  7:30  Drone x4  
  123  7:34  Mutalisk  
  123  7:35  Mutalisk  
  129  7:57  Mutalisk x4  
  128  8:05  Drone x4  
  129  8:06  Drone x2  
Show
View Real Time Build Order
Export as new Build Order

soO Zerg 

Build Orders: Hatch First 

Get SALT Encoding   

  12  0:00  Drone  
  13  0:12  Overlord  
  13  0:16  Drone  
  14  0:30  Drone x2  
  16  0:47  Hatchery  
  15  0:51  Drone  
  15  0:54  Drone  
  17  0:57  Drone  
  18  1:08  Extractor  
  17  1:13  Spawning Pool  
  17  1:16  Drone  
  17  1:20  Drone  
  18  1:27  Drone  
  19  1:38  Drone  
  20  1:49  Overlord  
  20  1:59  Queen x2  
  20  2:00  Drone  
  20  2:01  Zergling x2  
  26  2:10  Drone x2  
  26  2:11  Metabolic Boost  
  28  2:20  Drone  
  28  2:21  Drone  
  30  2:33  Hatchery  
  30  2:36  Drone  
  30  2:43  Queen  
  32  2:46  Drone  
  32  2:51  Overlord  
  33  2:57  Baneling Nest  
  32  3:00  Drone  
  32  3:02  Drone  
  32  3:04  Drone  
  32  3:05  Drone  
  36  3:09  Drone  
  36  3:11  Drone  
  38  3:14  Drone  
  38  3:16  Drone  
  40  3:20  Zergling x4  
  40  3:24  Zergling x2  
  40  3:25  Overlord  
  43  3:28  Drone  
  43  3:34  Evolution Chamber  
  43  3:36  Drone  
  43  3:41  Overlord  
  44  3:43  Drone x3  
  44  3:44  Drone  
  44  3:47  Drone  
  49  3:50  Drone  
  49  3:55  Drone  
  51  3:56  Drone  
  51  3:57  Extractor  
  51  4:00  Drone  
  51  4:01  Zerg Missile Weapons Level 1  
  52  4:06  Roach Warren  
  52  4:07  Lair  
  52  4:08  Drone  
  52  4:10  Drone  
  54  4:17  Drone x2  
  54  4:23  Drone x3  
  54  4:24  Drone x2  
  60  4:25  Overlord  
  60  4:28  Drone  
  60  4:30  Drone  
  60  4:31  Drone x2  
  64  4:33  Extractor  
  64  4:34  Extractor, Drone  
  64  4:35  Drone  
  64  4:38  Drone x2  
  64  4:42  Overlord  
  66  4:48  Zergling x6  
  66  4:51  Baneling  
  69  4:53  Drone x3  
  69  4:54  Pneumatized Carapace  
  69  4:55  Drone  
  69  4:56  Drone  
  69  4:57  Extractor  
  69  4:58  Extractor, Drone x2  
  69  4:59  Overlord  
  74  5:02  Drone x2  
  74  5:04  Drone  
  74  5:07  Overseer  
  77  5:09  Baneling x2  
  77  5:12  Drone  
  77  5:13  Glial Reconstitution  
  78  5:14  Drone  
  78  5:18  Roach x3  
  78  5:20  Baneling  
  84  5:28  Roach x3  
  85  5:29  Roach  
  85  5:30  Zergling x4  
  85  5:32  Roach  
  85  5:33  Zergling x2  
  88  5:41  Roach x2  
  83  5:43  Queen x2  
  83  5:44  Queen  
  83  5:49  Roach x2  
  79  5:53  Drone x2  
  79  5:54  Drone  
  80  6:02  Drone  
  81  6:07  Zerg Ground Armor Level 1  
  81  6:08  Drone x3  
  84  6:15  Baneling  
  84  6:16  Drone x2, Baneling  
  86  6:18  Drone  
  86  6:19  Queen  
  86  6:23  Spore Crawler x2  
  86  6:25  Spore Crawler  
  86  6:27  Spore Crawler  
  86  6:29  Drone x2  
  87  6:39  Drone  
  90  6:40  Drone x2  
  90  6:43  Overlord  
  90  6:48  Overlord  
  90  6:56  Overlord  
  90  6:58  Hydralisk Den, Overlord  
  90  7:00  Overlord  
  89  7:03  Drone  
  89  7:05  Queen x2  
  94  7:09  Overlord  
  94  7:11  Overlord  
  94  7:14  Overlord  
  94  7:17  Drone x5  
  94  7:20  Drone x2  
  101  7:25  Queen  
  101  7:32  Spore Crawler  
  101  7:35  Hydralisk x6  
  110  7:41  Queen  
  112  7:50  Hydralisk x2  
  112  7:51  Hydralisk  
  112  7:53  Hydralisk x2  
Tags
 
Add a new tag
Caveats
  • Supply blocks, unpowered buildings, or Contaminate may cause inaccurate times.
  • Supply counts are checked every 10 seconds.